 Dungeon Crawl Stone Soup version 0.18-a0-1514-g6ed9364 (webtiles) character file.

3535 Tomstefer the Basher (level 9, -3/82 HPs)
             Began as a Minotaur Berserker on Mar 6, 2016.
             Was a High Priest of Trog.
             Slain by a yak (4 damage)
             ... on level 7 of the Dungeon.
             The game lasted 00:12:36 (5895 turns).

Tomstefer the Basher (Minotaur Berserker)           Turns: 5895, Time: 00:12:37

Health: -3/82      AC: 13    Str: 27    XL:     9   Next: 82%
Magic:  8/8        EV:  8    Int:  4    God:    Trog [*****.]
Gold:   481        SH:  0    Dex: 13    Spells: 0 memorised, 8 levels left

rFire  . . .     SeeInvis +     s - +2 flail (crush)
rCold  . . .     Gourm    .     q - +0 plate armour
rNeg   . . .     Faith    .     (no shield)
rPois  .         Spirit   .     (helmet restricted)
rElec  .         Dismiss  .     (no cloak)
rCorr  .         Reflect  .     (no gloves)
SustAt .         Harm     .     (no boots)
MR     .....                    j - amulet of regeneration
Stlth  ..........               b - ring of see invisible
                                (no ring)

@: mighty, lethally poisoned (-3 -> -3), exhausted, slowed, very slow, not
resistant to hostile enchantments, extremely unstealthy
A: retaliatory headbutt, horns 2
a: Berserk, Trog's Hand, Brothers in Arms, Burn Spellbooks, Renounce Religion


You were on level 7 of the Dungeon.
You worshipped Trog.
Trog was extremely pleased with you.
You were very hungry.

You visited 1 branch of the dungeon, and saw 8 of its levels.

You collected 481 gold pieces.

Inventory:

Hand Weapons
 s - a +2 flail of crushing (weapon)
Missiles
 w - 3 silver tomahawks (quivered)
Armour
 q - a +0 plate armour (worn)
Jewellery
 b - a ring of see invisible (right hand)
 j - an amulet of regeneration (around neck)
Wands
 p - a wand of digging (24/24)
Scrolls
 a - 2 scrolls of remove curse
 d - 2 scrolls of enchant armour
 h - 5 scrolls of teleportation
 m - a scroll of enchant weapon
 r - 4 scrolls of identify
Potions
 e - 3 potions of flight
 f - 5 potions of cure mutation
 l - a potion of might
 o - 3 potions of curing
Comestibles
 c - 5 bread rations
 g - a chunk of flesh
 i - 2 beef jerkies
 k - 7 slices of pizza
 n - a meat ration
 u - 8 fruits


   Skills:
 + Level 8.8 Fighting
 * Level 12.4 Maces & Flails
 + Level 8.7 Armour
 - Level 2.1 Dodging


You had 8 spell levels left.
You didn't know any spells.

Dungeon Overview and Level Annotations

Branches:
Dungeon (8/15)             Temple (0/1) D:7
   Lair: D:8-11

Altars:
Ashenzari
Dithmenos
Elyvilon
Fedhas
Kikubaaqudgha
Okawaru
Qazlal
Ru

Shops:
D:5 [


Innate Abilities, Weirdness & Mutations

You reflexively headbutt those who attack you in melee.
You have a pair of horns on your head.


Message History

The river rat bites you but does no damage.
The howler monkey hits you but does no damage.
The howler monkey bites you but does no damage.
The yak barely misses you.
Read which item? (? for menu, Esc to quit)
Okay, then.
You sock the yak! You headbutt the yak.
The yak is almost dead.
The howler monkey barely misses you.
The howler monkey bites you but does no damage.
The river rat barely misses you. The yak gores you but does no damage.
The howler monkey hoots and howls with incredible vigour!
You barely miss the yak.
The yak is almost dead.
You feel sick. The river rat closely misses you. You furiously retaliate!
You headbutt the river rat. The howler monkey barely misses you.
The howler monkey bites you.
* * * LOW HITPOINT WARNING * * *
The yak gores you.
You die...

###...# #.#...###......####.##..#
.##...###.....###..#....##..##...
.#....(............##....#.......
##...#...........................
...#.....).........####...#.#....
...........#...>..## ##.....[#.#
...........##......####<.........
...............†rh...............
...............†@................
.........######Y..##....#..#.....
..<......# #..........##.......
.........#####.##.[.#...###......
...)...#.#...............###.....
.........#..##.##.....##.........
............#)....#..............
........##.##..####.#####........
...........##..# ##.# #........


You could see a yak, a howler monkey and a river rat.

Vanquished Creatures
  Maurice (D:8)
  Grinder (D:6)
  Sigmund (D:6)
  4 yaks (D:8)
  A human (D:7)
  An orc warrior (D:7)
  A porcupine (D:7)
  4 ogres
  A sky beast (D:5)
  2 crocodiles (D:8)
  Blork the orc (D:5)
  The ghost of pedritolo the Changer, an amateur VSTm (D:3)
  3 giant frogs (D:7)
  A scorpion (D:5)
  A vampire bat (D:7)
  2 howler monkeys (D:8)
  3 centaur zombies
  A crimson imp (D:5)
  A giant frog zombie (D:7)
  3 orc wizards
  7 hounds
  An orc priest (D:4)
  A centaur skeleton (D:6)
  4 worker ants
  4 sheep (D:7)
  A hound zombie (D:5)
  A river rat (D:8)
  7 adders
  2 oozes (D:3)
  An adder skeleton (D:5)
  4 worms
  3 dart slugs
  3 giant geckos
  17 orcs
  13 bats
  6 giant cockroaches
  9 hobgoblins
  12 jackals
  13 kobolds
  3 quokkas
  2 ball pythons
  2 giant gecko skeletons
  2 giant newts
  5 goblins
  10 rats
167 creatures vanquished.

Vanquished Creatures (others)
  A human (D:7)
  A plant (D:8)
2 creatures vanquished.

Grand Total: 169 creatures vanquished

Notes
Turn   | Place    | Note
--------------------------------------------------------------
     0 | D:1      | Tomstefer the Minotaur Berserker began the quest for the Orb.
     0 | D:1      | Reached XP level 1. HP: 19/19 MP: 0/0
    63 | D:1      | Reached skill level 4 in Maces & Flails
    76 | D:1      | Reached XP level 2. HP: 25/27 MP: 1/1
   381 | D:1      | Reached ** piety under Trog
   481 | D:1      | Reached XP level 3. HP: 29/33 MP: 2/2
  1339 | D:2      | Reached skill level 5 in Maces & Flails
  1494 | D:2      | Reached XP level 4. HP: 38/40 MP: 3/3
  1517 | D:2      | Found a shattered altar of Ashenzari.
  1520 | D:2      | Found an iron altar of Okawaru.
  1524 | D:2      | Found a sacrificial altar of Ru.
  1524 | D:2      | Found a stormy altar of Qazlal.
  1525 | D:2      | Found a shadowy altar of Dithmenos.
  2008 | D:3      | Reached *** piety under Trog
  2034 | D:3      | Noticed pedritolo's ghost (amateur VSTm)
  2049 | D:3      | Killed pedritolo's ghost
  2049 | D:3      | Reached XP level 5. HP: 37/47 MP: 4/4
  2515 | D:4      | Reached skill level 6 in Maces & Flails
  2761 | D:4      | Found a white marble altar of Elyvilon.
  3284 | D:4      | Reached XP level 6. HP: 38/55 MP: 5/5
  3525 | D:5      | Entered Level 5 of the Dungeon
  3552 | D:5      | Reached skill level 5 in Fighting
  3842 | D:5      | Noticed a sky beast
  3853 | D:5      | Killed a sky beast
  3853 | D:5      | Reached skill level 7 in Maces & Flails
  3862 | D:5      | Found Isetiuc's Antique Armour Boutique.
  3965 | D:5      | Reached skill level 5 in Armour
  3986 | D:5      | Noticed Blork the orc
  4003 | D:5      | Killed Blork the orc
  4003 | D:5      | Reached XP level 7. HP: 46/61 MP: 6/6
  4315 | D:6      | Noticed Sigmund
  4322 | D:6      | Killed Sigmund
  4322 | D:6      | Reached **** piety under Trog
  4322 | D:6      | Reached skill level 8 in Maces & Flails
  4524 | D:6      | Found a blossoming altar of Fedhas.
  4566 | D:6      | Reached skill level 9 in Maces & Flails
  4566 | D:6      | Reached XP level 8. HP: 65/71 MP: 7/7
  4606 | D:6      | Noticed Grinder
  4609 | D:6      | Paralysed by Grinder for 7 turns
  4625 | D:6      | Killed Grinder
  5291 | D:7      | Found a staircase to the Ecumenical Temple.
  5302 | D:7      | Reached skill level 10 in Maces & Flails
  5617 | D:7      | Reached XP level 9. HP: 79/79 MP: 8/8
  5766 | D:7      | Found an ancient bone altar of Kikubaaqudgha.
  5767 | D:7      | Reached skill level 11 in Maces & Flails
  5854 | D:8      | Noticed Maurice
  5861 | D:8      | Killed Maurice
  5875 | D:8      | Reached skill level 12 in Maces & Flails
  5880 | D:8      | Reached ***** piety under Trog
  5893 | D:7      | HP: 1/82 [yak (11)]
  5895 | D:7      | Slain by a yak

Vault maps used:
D:1:      onia_arrival_larder, st_stairs_13, hangedman_decor_push
D:2:      grunt_temple_overflow_open
D:4:      lemuel_round_altar, first_bread
D:5:      serial_shops, nicolae_shop_statue_plus, grunt_ministairs_7,
          uniq_blork_the_orc
D:6:      fedhas_altar_2, uniq_sigmund, uniq_grinder
D:7:      minmay_temple_entry_overgrown, grunt_livestock, roderic_batcave,
          tgw_kikubaaqudgha
D:8:      grunt_temple_overflow_order_and_chaos_2, minmay_lair_entry_grove,
          uniq_erica, uniq_maurice, uniq_psyche

Skill      XL: |  1  2  3  4  5  6  7  8  9 |
---------------+----------------------------+-----
Maces & Flails | 4 5 6 7 9 10 12 | 12.4
Fighting       | 4 5 6 7 8 |  8.8
Armour         | 3 4 5 6 7 8 |  8.7
Dodging        | |  2.1

Action                   |  1- 3 |  4- 6 |  7- 9 || total
-------------------------+-------+-------+-------++-------
Melee: Mace              |    30 |       |       ||    30
       Whip              |    71 |    53 |       ||   124
       Flail             |       |    87 |   216 ||   303
Invok: Berserk           |       |     2 |     5 ||     7
  Use: Scroll            |     2 |     4 |     5 ||    11
       Potion            |       |     6 |     1 ||     7
 Stab: Sleeping          |     2 |       |       ||     2
  Eat: Chunk             |     2 |    10 |    10 ||    22
